Map: Zen LE

Players

SpeCial - Winner!

  • Race: Terran Terran
  • Spawn Location: 1:00

Ryu

  • Race: Zerg Zerg
  • Spawn Location: 7:00

Event: NationWars 2019

VOD

Have the link to the VOD?

Description

Time

  • Played on: Nov. 30, 2019, 12:53 p.m.
  • Length: 11:23
Show
View Real Time Build Order
Export as new Build Order

SpeCial Terran - Winner!

Build Orders: Reaper Expand, Hellion Banshee 

Get SALT Encoding   

  12  0:00  SCV  
  13  0:12  SCV  
  14  0:17  Supply Depot  
  14  0:24  SCV  
  15  0:38  SCV  
  15  0:39  Barracks  
  16  0:43  Refinery  
  16  0:51  SCV  
  17  1:03  SCV  
  18  1:15  SCV  
  19  1:27  Orbital Command, Reaper  
  20  1:40  Command Center  
  20  1:49  Supply Depot  
  20  1:53  SCV  
  21  1:59  Marine  
  22  2:05  SCV  
  23  2:09  Factory  
  23  2:15  Refinery  
  23  2:17  SCV  
  23  2:22  Barracks Reactor  
  24  2:30  SCV  
  25  2:42  SCV  
  26  2:54  Orbital Command  
  26  2:55  Starport  
  26  2:56  SCV  
  27  3:03  Hellion x2  
  27  3:04  Barracks Tech Lab  
  31  3:08  SCV  
  32  3:21  SCV x2  
  32  3:25  Hellion x2  
  38  3:32  Supply Depot  
  38  3:33  SCV  
  40  3:34  SCV  
  40  3:42  Banshee, Cloaking Field  
  40  3:45  SCV  
  40  3:46  Hellion  
  46  3:50  Barracks Tech Lab  
  46  3:54  SCV, Hellion  
  49  3:57  Supply Depot  
  49  3:58  SCV  
  50  4:06  SCV  
  51  4:13  Stimpack  
  51  4:15  SCV  
  52  4:18  SCV  
  52  4:20  Supply Depot  
  53  4:25  Banshee  
  53  4:28  Command Center, Marine  
  57  4:32  SCV x2  
  59  4:44  Barracks  
  59  4:45  Factory Reactor  
  59  4:46  Barracks, Marine  
  59  4:49  SCV x2  
  62  4:53  Supply Depot  
  62  5:01  SCV x2  
  62  5:04  Marine  
  65  5:13  SCV x2  
  67  5:18  Starport Reactor  
  67  5:19  Engineering Bay  
  67  5:22  Engineering Bay, Marine  
  67  5:25  SCV x2  
  68  5:30  Refinery  
  68  5:31  Supply Depot, Marine, Refinery  
  68  5:32  Marine  
  73  5:35  Siege Tank  
  73  5:39  SCV x2  
  73  5:42  Marine x2  
  77  5:44  Orbital Command  
  77  5:46  Terran Infantry Weapons Level 1  
  77  5:48  Terran Infantry Armor Level 1  
  77  5:51  SCV x2  
  77  5:52  Supply Depot  
  77  5:54  Marine x3  
  77  5:56  Medivac  
  84  6:00  Marine x2  
  84  6:03  SCV  
  87  6:05  Medivac  
  89  6:11  Orbital Command  
  89  6:12  Combat Shield, Marine x2  
  89  6:13  Marine  
  89  6:15  SCV x2  
  89  6:18  Supply Depot, Marine x2  
  94  6:24  Siege Tank  
  99  6:27  SCV  
  99  6:28  SCV  
  99  6:31  Barracks  
  101  6:33  Marine  
  101  6:34  Barracks  
  101  6:37  Medivac  
  105  6:40  SCV x2  
  105  6:42  Marine x2  
  105  6:43  SCV  
  105  6:44  Marine  
  105  6:45  Marine  
  111  6:52  SCV, Marine  
  109  6:59  Siege Tank  
  109  7:00  Marine x2  
  111  7:01  SCV x2  
  111  7:02  Marine  
  111  7:04  SCV, Supply Depot  
  111  7:05  Marine, Refinery  
  111  7:06  Refinery  
  116  7:13  SCV  
  117  7:18  Armory  
  117  7:19  Barracks Reactor, Supply Depot  
  117  7:22  Barracks Tech Lab x2  
  117  7:25  Marine x2  
  117  7:26  SCV x3, Marauder  
  117  7:28  Supply Depot  
  120  7:31  Siege Tank  
  120  7:34  Marine x2  
  120  7:35  Concussive Shells  
  122  7:38  SCV x3  
  122  7:43  Marine x3  
  122  7:44  Marauder  
  127  7:45  Medivac x2  
  127  7:47  Marauder  
  127  7:50  SCV x2  
  135  7:52  SCV, Factory, Marine  
  135  7:55  Marine  
  138  8:01  Marauder, Marine  
  141  8:06  Supply Depot x2  
  141  8:07  SCV, Marine  
  143  8:14  Terran Infantry Armor Level 2, Terran Infantry Weapons Level 2  
  143  8:18  Marauder  
  145  8:24  Medivac  
  137  8:28  Marine x3  
  137  8:29  Marauder, Marine  
  137  8:30  Siege Tank  
  137  8:32  Supply Depot  
  137  8:33  Terran Vehicle Weapons Level 1  
  145  8:39  Marine  
  145  8:41  Factory Tech Lab  
  146  8:43  Liberator  
  146  8:45  Command Center  
  146  8:49  Marauder, Marine  
  146  8:50  Marine  
  146  8:51  Marine  
  148  8:59  Marauder  
  156  9:02  Siege Tank  
  156  9:03  Marine  
  156  9:04  Marauder  
  156  9:05  Siege Tank  
  156  9:06  Marine  
  156  9:08  Marine x2  
  165  9:10  Marauder  
  165  9:20  Marine  
  165  9:22  Marine  
  160  9:25  Marauder, Marine  
  163  9:31  Barracks  
  163  9:32  Marauder  
  163  9:33  Marine x2  
  163  9:34  Barracks, Supply Depot  
  163  9:35  Barracks, Siege Tank  
  163  9:36  Supply Depot  
  163  9:38  Marauder  
  172  9:40  Marine  
  172  9:43  Supply Depot  
  173  9:47  Medivac  
  173  9:48  Medivac  
  173  9:56  Siege Tank, Marauder x2, Marine x3  
  173  9:58  Marine  
  173  9:59  Marine  
  181  10:12  Siege Tank  
  181  10:14  Marine x3  
  173  10:16  Marine  
  173  10:17  Marauder, Marine  
  166  10:28  Marauder  
  168  10:29  Barracks Reactor  
  168  10:30  Barracks Reactor x2  
  168  10:31  Marine x2  
  168  10:34  Siege Tank  
  170  10:41  Marine  
  170  10:42  Marauder  
  170  10:43  Marine  
  170  10:44  Marauder  
  170  10:49  Marine  
  173  10:50  Marauder, Marine  
  180  10:59  Marine  
  183  11:04  Marine  
Show
View Real Time Build Order
Export as new Build Order

Ryu Zerg 

Build Orders: Hatch First, Lurkers 

Get SALT Encoding   

  12  0:01  Drone  
  13  0:13  Overlord  
  13  0:17  Drone  
  14  0:32  Drone x2  
  16  0:49  Hatchery  
  15  0:52  Drone  
  15  0:55  Drone  
  17  0:59  Drone  
  17  1:03  Extractor  
  17  1:15  Spawning Pool  
  16  1:19  Drone  
  16  1:21  Drone  
  18  1:29  Drone  
  19  1:44  Drone  
  20  1:51  Overlord  
  20  2:02  Queen x2  
  20  2:03  Zergling x4  
  26  2:16  Metabolic Boost  
  26  2:19  Drone  
  26  2:20  Drone  
  28  2:29  Drone  
  29  2:33  Drone, Overlord  
  30  2:38  Queen  
  31  2:48  Overlord  
  31  2:49  Drone, Overlord  
  32  2:58  Drone x2  
  34  3:07  Drone x2  
  36  3:13  Hatchery  
  36  3:14  Drone  
  36  3:23  Drone x3  
  39  3:28  Drone x2  
  39  3:32  Queen  
  43  3:34  Zergling x2  
  44  3:41  Roach Warren  
  44  3:43  Drone  
  44  3:49  Drone x3  
  47  3:56  Zergling x4  
  47  3:59  Queen  
  51  4:03  Overlord  
  51  4:11  Lair  
  51  4:14  Extractor  
  51  4:16  Overlord  
  50  4:19  Drone  
  50  4:22  Roach x4  
  59  4:27  Drone  
  61  4:31  Drone x2  
  61  4:33  Drone x2  
  61  4:35  Overlord  
  64  4:41  Spore Crawler, Drone  
  64  4:42  Drone x2  
  66  4:48  Drone x2  
  66  4:49  Spore Crawler  
  67  4:53  Spore Crawler  
  67  4:55  Roach  
  67  4:59  Drone  
  70  5:00  Drone x3  
  72  5:07  Queen  
  72  5:11  Overseer  
  74  5:14  Drone x5  
  74  5:19  Drone  
  76  5:31  Extractor  
  76  5:32  Extractor  
  76  5:34  Drone x4, Glial Reconstitution, Evolution Chamber  
  76  5:36  Evolution Chamber  
  76  5:39  Overlord x3  
  75  5:44  Drone x3  
  75  5:48  Drone  
  75  5:49  Drone x2  
  81  5:54  Extractor  
  81  5:55  Drone x2  
  82  6:03  Zerg Missile Weapons Level 1  
  82  6:06  Zerg Ground Armor Level 1  
  82  6:07  Drone x2  
  82  6:08  Drone  
  82  6:09  Hatchery  
  84  6:12  Roach x2  
  88  6:19  Drone x2  
  88  6:22  Roach x3, Hydralisk Den  
  88  6:24  Overlord  
  95  6:31  Ravager  
  96  6:34  Ravager  
  96  6:35  Roach  
  96  6:36  Overlord x2  
  99  6:43  Queen  
  99  6:44  Queen  
  99  6:45  Roach x2  
  99  6:46  Roach x2  
  107  6:49  Queen  
  107  6:52  Ravager  
  107  6:54  Roach x2  
  112  6:57  Drone x2  
  112  7:00  Roach x3  
  116  7:13  Drone  
  116  7:14  Drone x4, Extractor  
  116  7:15  Lurker Den  
  118  7:17  Overlord x2  
  118  7:19  Roach x3  
  124  7:30  Extractor  
  123  7:43  Hatchery  
  122  7:44  Roach x2  
  122  7:45  Roach x4  
  122  7:50  Drone x4, Infestation Pit  
  137  7:59  Drone x6  
  137  8:00  Drone, Overlord x3  
  137  8:04  Zerg Missile Weapons Level 2  
  144  8:15  Roach, Extractor  
  144  8:18  Overlord x4  
  133  8:29  Hatchery, Ravager x2  
  133  8:30  Hive, Hydralisk x3  
  133  8:33  Drone x2  
  142  8:47  Hydralisk x3  
  142  8:48  Hydralisk  
  147  8:56  Hydralisk x3  
  147  8:59  Roach x4  
  161  9:04  Lurker x3  
  164  9:13  Hydralisk x3  
  163  9:23  Drone x3  
  163  9:24  Drone x2, Overlord  
  157  9:34  Drone x2  
  157  9:35  Spore Crawler x2  
  157  9:43  Viper  
  157  9:44  Viper  
  157  9:45  Hatchery  
  162  9:51  Viper  
  159  10:00  Hatchery  
  159  10:06  Hydralisk x6  
  156  10:14  Roach x5  
  144  10:21  Hydralisk  
  144  10:22  Hydralisk x2  
  144  10:27  Zergling x20  
  149  10:35  Overseer  
  149  10:38  Extractor  
  149  10:40  Extractor  
  147  10:47  Lurker x3  
  147  10:49  Hatchery  
  145  10:52  Drone  
  145  10:53  Drone x5  
  142  10:57  Hydralisk x5  
Tags
 
Add a new tag
Caveats
  • Supply blocks, unpowered buildings, or Contaminate may cause inaccurate times.
  • Supply counts are checked every 10 seconds.